 Dungeon Crawl Stone Soup version 0.20.1-1-g8b1a95d (webtiles) character file.

399 Janblair101 the Covert (level 6, -3/29 HPs)
             Began as a Spriggan Enchanter on Nov 3, 2017.
             Killed by nerve-wracking pain
             ... invoked by a shadow imp
              (6 damage)
             ... on level 4 of the Dungeon.
             The game lasted 00:05:00 (2707 turns).

Janblair101 the Covert (Spriggan Enchanter)         Turns: 2707, Time: 00:05:01

Health: -3/29      AC:  2    Str:  3 (4)  XL:     6   Next: 53%
Magic:  13/13      EV: 19    Int: 16 (17) God:
Gold:   173        SH:  0    Dex: 17 (18) Spells: 10/13 levels left

rFire    . . .     SeeInvis +   a - +1 dagger
rCold    + . .     Gourm    .   (shield restricted)
rNeg     . . .     Faith    .   b - +0 robe
rPois    .         Spirit   .   (helmet restricted)
rElec    .         Reflect  .   (no cloak)
rCorr    +         Harm     .   (gloves unavailable)
MR       +....                  (boots unavailable)
Stlth    ++++......             (no amulet)
Regen    0.1/turn               f - ring of resist corrosion
MPRegen  0.2/turn               m - ring of protection from cold

@: very quick
A: unfitting armour, see invisible, herbivore 3, speed 3, slow metabolism 2
a: no special abilities


You were on level 4 of the Dungeon.
You were full.

You visited 1 branch of the dungeon, and saw 4 of its levels.

You collected 173 gold pieces.

Inventory:

Hand Weapons
 a - a +1 dagger (weapon)
Armour
 b - a +0 robe (worn)
Jewellery
 f - a ring of resist corrosion (left hand)
 m - a ring of protection from cold (right hand)
Wands
 i - a wand of confusion (29/48)
Scrolls
 h - a scroll of teleportation
 n - a scroll of magic mapping {unknown}
 o - a scroll of blinking {unknown}
Potions
 e - a potion of degeneration
 g - a potion of haste {unknown}
 j - a potion of cancellation {unknown}
 l - a potion of might {unknown}
Books
 c - a book of Maledictions

   Spells                             Type                      Level
   a - Corona                         Hexes                        1
   b - Ensorcelled Hibernation        Hexes/Ice                    2
   c - Confuse                        Hexes                        3
   d - Tukima's Dance                 Hexes                        3
   e - Dazzling Spray                 Conjuration/Hexes            3
Comestibles
 d - a bread ration
 k - 2 royal jellies


   Skills:
 + Level 0.4 Fighting
 + Level 2.1 Short Blades
 + Level 3.8 Dodging
 + Level 8.0 Stealth
 + Level 4.1 Spellcasting
 + Level 4.8 Hexes
 + Level 1.7 Ice Magic


You had 10 spell levels left.
You knew the following spells:

 Your Spells              Type           Power        Failure   Level  Hunger
a - Corona                Hex            ###....      2%          1    None
b - Ensorcelled Hibernat  Hex/Ice        ##....       6%          2    ##.....


Dungeon Overview and Level Annotations

Branches:
Dungeon (3/15)

Altars:


Innate Abilities, Weirdness & Mutations

You are very small and have problems with some larger weapons.
You are too small for most types of armour.
You have supernaturally acute eyesight. (SInv)
You are a herbivore.
You cover ground extremely quickly.
You need consume almost no food.


Message History

The shadow imp barely misses you.
You hit the shadow imp but do no damage.
The shadow imp is severely wounded.
You hit the shadow imp but do no damage.
The shadow imp is severely wounded.
The shadow imp misses you.
You closely miss the shadow imp.
The shadow imp is heavily wounded.
The shadow imp completely misses you.
You hit the shadow imp but do no damage.
The shadow imp is heavily wounded.
The shadow imp gestures at you. Pain shoots through your body!
* * * LOW HITPOINT WARNING * * *
It was a potion of degeneration.
There was something very wrong with that liquid.
You feel weakened.
You feel dopey.
You feel clumsy. The shadow imp gestures at you. Pain shoots through your body!
You die...

.#.#.# ##'## #.### #.. .....#
##...## #...# #.# #..###
##.....#######.### #.# ##.##
##................# #..
##.####.........####....######.#
##...'.........'...............
##..###.(.......####....######.#
##.#.# ##.......5# #..#..# #..
#....# ##.....#@###.#.#.# #..
.##..# ##...##.........# #..
###..# ##'#######.##### #.#
###..# #.# #.# #.. .....# #.#
#.# #.# ###.########.## #.# #..
#.##.....<..## #.# ###
#.##.###.....# #.# #.##.#
##...## #.# #


You could see a shadow imp.

Vanquished Creatures
  An ogre (D:4)
  A scorpion (D:4)
  A howler monkey (D:4)
  A hound (D:4)
  3 worker ants (D:4)
  6 adders
  3 gnolls (D:3)
  A dart slug (D:1)
  A worm (D:1)
  3 leopard geckos
  3 giant cockroaches
  2 goblins
  6 hobgoblins
  2 jackals (D:1)
  3 bats
  4 frilled lizards
  2 kobolds
  6 rats
49 creatures vanquished.

Notes
Turn   | Place    | Note
-------+----------+-------------------------------------------
     0 | D:1      | Janblair101 the Spriggan Enchanter began the quest for the Orb.
     0 | D:1      | Reached XP level 1. HP: 9/9 MP: 5/5
   504 | D:1      | Reached XP level 2. HP: 13/13 MP: 6/6
   520 | D:1      | Learned a level 2 spell: Ensorcelled Hibernation
   667 | D:1      | Reached skill level 5 in Stealth
  1085 | D:2      | Reached XP level 3. HP: 16/16 MP: 3/8
  1544 | D:2      | Reached XP level 4. HP: 21/21 MP: 9/9
  1774 | D:3      | Reached skill level 6 in Stealth
  2022 | D:3      | You fall through a shaft!
  2092 | D:4      | Reached XP level 5. HP: 25/25 MP: 11/11
  2119 | D:4      | Reached skill level 1 in Ice Magic
  2128 | D:4      | Noticed an ogre
  2130 | D:4      | Killed an ogre
  2130 | D:4      | Reached skill level 7 in Stealth
  2130 | D:4      | Reached XP level 6. HP: 29/29 MP: 8/12
  2220 | D:4      | Reached skill level 8 in Stealth
  2707 | D:4      | Killed from afar by a shadow imp

Skill      XL: |  1  2  3  4  5  6 |
---------------+-------------------+-----
Hexes          | 4 |  4.8
Stealth        | 5 6 7 8 |  8.0
Spellcasting   | 3 4 |  4.1
Short Blades   | 2 |  2.1
Ice Magic      | 1 |  1.7
Fighting       | |  0.4
Dodging        | |  3.8

Action                   |  1- 3 |  4- 6 || total
-------------------------+-------+-------++-------
Melee: Dagger            |    70 |    42 ||   112
 Cast: Ensorcelled Hiber |    17 |    12 ||    29
  Use: Scroll            |     2 |     4 ||     6
       Potion            |       |     1 ||     1
 Stab: Sleeping          |    21 |    18 ||    39
  Eat: Bread ration      |       |     1 ||     1
Armor: Robe              |     8 |       ||     8
Dodge: Dodged            |    62 |    37 ||    99
